 Dungeon Crawl Stone Soup version 0.27.0 (webtiles) character file.

Game seed: 12957817131314954128

2555 hawla the Reanimator (level 9, -12/49 HPs)
             Began as a Deep Elf Necromancer on July 30, 2021.
             Mangled by an orc warrior (17 damage)
             ... on level 8 of the Dungeon.
             The game lasted 00:27:34 (8078 turns).

hawla the Reanimator (Deep Elf Necromancer)         Turns: 8078, Time: 00:27:36

Health: -12/49     AC:  3    Str:  8 (11) XL:     9   Next: 31%
Magic:  5/32       EV: 14    Int: 23 (24) God:
Gold:   252        SH:  0    Dex: 13 (15) Spells: 17/24 levels left

rFire    . . .     SeeInvis .   g - +0 dagger (venom)
rCold    + + +     Faith    .   (no shield)
rNeg     . . .     Spirit   .   m - +1 robe of the Past {Fly rElec rC+++}
rPois    .         Reflect  .   (helmet restricted)
rElec    +         Harm     .   (no cloak)
rCorr    .         Rampage  .   (no gloves)
Will     .....                  (no boots)
Stlth    +++.......             d - amulet of regeneration
HPRegen  1.16/turn              j - ring of magical power
MPRegen  0.23/turn              w - +6 ring of strength

@: unable to read, flying
A: horns 1, cold resistance 2, inability to read while threatened
a: no special abilities


You were on level 8 of the Dungeon.
You visited 2 branches of the dungeon, and saw 9 of its levels.

You collected 383 gold pieces.
You spent 131 gold pieces at shops.

Inventory:

Hand Weapons
 b - a +2 short sword of draining
 g - a +0 dagger of venom (weapon)
Missiles
 c - 34 poisoned darts
 h - 3 boomerangs
 i - 5 silver boomerangs (quivered)
Armour
 a - a +1 robe
 e - a +1 helmet
 m - the +1 robe of the Past (worn) {Fly rElec rC+++}
   (You bought it in a shop on level 6 of the Dungeon)

   rC:        It renders you almost immune to cold.
   rElec:     It insulates you from electricity.
   Fly:       It grants you flight.
Jewellery
 d - an amulet of regeneration (around neck)
 f - a ring of flight
 j - a ring of magical power (left hand)
 t - a ring of willpower
 u - a ring of willpower
 w - a +6 ring of strength (right hand)
Scrolls
 n - a scroll of immolation
 q - a scroll of magic mapping
 x - a scroll of identify
Potions
 k - 4 potions of brilliance


   Skills:
 + Level 2.8 Fighting
 + Level 1.0 Short Blades
 + Level 3.6 Throwing
 + Level 6.0 Dodging
 + Level 4.4 Stealth
 + Level 8.3 Spellcasting
 + Level 10.3 Necromancy
 + Level 2.2 Translocations


You had 17 spell levels left.
You knew the following spells:

 Your Spells              Type           Power      Damage    Failure   Level
a - Pain                  Necr           100%       1d9       1%          1
b - Vampiric Draining     Necr           27%        2d9       1%          3
c - Blink                 Tloc           N/A        N/A       4%          2
d - Animate Skeleton      Necr           100%       N/A       1%          1

Your spell library contained the following spells:

 Spells                   Type           Power      Damage    Failure   Level
 Animate Dead             Necr           27%        N/A       1%          4
 Agony                    Necr           54%        N/A       2%          5
 Frozen Ramparts          Ice            18%        1d3       21%         3
 Manifold Assault         Tloc           19%        N/A       58%         5
 Freezing Cloud           Conj/Ice/Air   4%         6-21      88%         5
 Storm Form               Tmut/Air       4%         N/A       100%        7
 Summon Horrible Things   Summ           4%         N/A       100%        8


Dungeon Overview and Level Annotations

Branches:
Dungeon (8/15)             Temple (1/1) D:5
   Lair: D:8-11

Altars:
Ashenzari
Cheibriados
Dithmenos
Elyvilon
Fedhas
Gozag
Hepliaklqana
Kikubaaqudgha
Nemelex Xobeh
Okawaru
Qazlal
Ru
Sif Muna
Trog
Uskayaw
Wu Jian
Xom
Yredelemnul
Zin
The Shining One

Shops:
D:6 [

Annotations:
D:2 1 runed translucent door, Crazy Yiuf
D:5 2 transporters, JBAR's ghost, novice GnTm
D:7 Harold
D:8 Prince Ribbit


Innate Abilities, Weirdness & Mutations

You have a pair of small horns on your head.
Your flesh is very cold resistant. (rC++)
You sometimes lose the ability to read scrolls when taking damage.


Message History

You barely miss the killer bee. The killer bee stings you.
You hit the killer bee.
The killer bee is poisoned.
The killer bee is lightly wounded.
The killer bee closely misses you. The orc warrior misses you.
You hit the killer bee.
The killer bee is moderately wounded.
You feel yourself slow down. The killer bee stings you.
The killer bee misses you. The orc warrior closely misses you.
You miss the killer bee.
The killer bee is moderately wounded.
The killer bee completely misses you. The killer bee closely misses you.
The orc warrior misses you.
You hit the killer bee.
The killer bee looks as sick as possible!
The killer bee is severely wounded.
The killer bee stings you!
* * * LOW HITPOINT WARNING * * *
You hit the killer bee.
You kill the killer bee!
The orc warrior hits you with a +0 mace!
* * * LOW HITPOINT WARNING * * *
Unknown command.
It was a potion of mutation.
You feel extremely strange. A pair of horns grows on your head!
Your +1 helmet falls away!
You feel resistant to cold.
You lose the ability to read scrolls when threatened.
You feel more resistant to cold. The orc closely misses you.
The orc warrior hits you with a +0 mace.
You feel threatened and lose the ability to read scrolls!
* * * LOW HITPOINT WARNING * * *
It was a potion of degeneration.
There was something very wrong with that liquid.
You feel weakened.
You feel dopey.
You feel clumsy.
The orc hits you with a +1 short sword of protection.
* * * LOW HITPOINT WARNING * * *
The orc warrior hits you with a +0 mace!
You die...

#..........#
#..........#
#...y.....#
#########.........#
...........#####..#
..........)#. #..#
.......(...#$o #..#
.........###.oo#o##
##########


#Oooo@# ####### You could see an orc warrior, an ogre, an orc priest and 5 orcs.

Vanquished Creatures
  Grinder (D:6)
  2 water moccasins (D:7)
  2 orc warriors (D:8)
  2 black bears (D:5)
  A sky beast (D:6)
  A necrophage (D:4)
  4 ogres
  A phantom (D:5)
  A bullfrog (D:7)
  A kobold brigand (D:6)
  A scorpion (D:5)
  4 killer bees (D:8)
  A hound (D:6)
  A bullfrog zombie (D:5)
  4 orc priests
  A bullfrog skeleton (D:4)
  A gnoll shaman (D:6)
  A centaur skeleton (D:6)
  4 iguanas
  8 orc wizards
  A howler monkey zombie (D:5)
  Robin (D:2)
  4 gnolls (D:6)
  5 adders
  3 white imps
  An ufetubus (D:5)
  An adder skeleton (D:2)
  2 worms (D:2)
  A dart slug (D:3)
  12 orcs
  8 ball pythons
  6 bats
  6 endoplasms
  2 giant cockroaches (D:2)
  11 goblins
  7 hobgoblins
  9 jackals
  9 kobolds
  4 quokkas
  3 frilled lizards
  2 rats (D:1)
140 creatures vanquished.

Vanquished Creatures (others)
  A plant (D:2)
  A withered plant (D:2)
2 creatures vanquished.

Grand Total: 142 creatures vanquished

Notes
Turn   | Place    | Note
-------+----------+-------------------------------------------
     0 | D:1      | hawla the Deep Elf Necromancer began the quest for the Orb.
     0 | D:1      | Reached XP level 1. HP: 10/10 MP: 6/6
   246 | D:1      | Reached skill level 5 in Necromancy
   246 | D:1      | Reached XP level 2. HP: 13/16 MP: 5/8
  1128 | D:1      | Reached skill level 1 in Fighting
  1252 | D:1      | Reached XP level 3. HP: 19/20 MP: 7/9
  1986 | D:2      | Found a runed translucent door.
  1987 | D:2      | Noticed Crazy Yiuf
  2262 | D:2      | Found a faded altar of an unknown god.
  2385 | D:2      | Found an opulent altar of Gozag.
  2469 | D:2      | Reached XP level 4. HP: 23/25 MP: 10/10
  2473 | D:2      | Learned a level 3 spell: Vampiric Draining
  2541 | D:2      | Noticed Robin
  2550 | D:2      | Killed Robin
  3181 | D:3      | Found a sacrificial altar of Ru.
  3279 | D:3      | Got the Compendium of the Supportive Glacier
  3939 | D:3      | Reached skill level 6 in Necromancy
  3951 | D:4      | Noticed an ogre
  3986 | D:3      | Killed an ogre
  3987 | D:3      | Reached skill level 7 in Necromancy
  3987 | D:3      | Reached XP level 5. HP: 28/30 MP: 7/11
  4109 | D:4      | Found a blossoming altar of Fedhas.
  4157 | D:4      | Noticed a necrophage
  4208 | D:4      | Killed a necrophage
  4209 | D:4      | Reached XP level 6. HP: 18/31 MP: 12/12
  4628 | D:5      | Entered Level 5 of the Dungeon
  4667 | D:5      | Found a transporter.
  4678 | D:5      | Reached skill level 8 in Necromancy
  4682 | D:5      | Learned a level 2 spell: Blink
  4764 | D:5      | Reached skill level 1 in Throwing
  4788 | D:5      | Reached XP level 7. HP: 40/40 MP: 14/14
  4884 | D:5      | Found a staircase to the Ecumenical Temple.
  4998 | Temple   | Entered the Ecumenical Temple
  5529 | D:5      | Reached skill level 5 in Spellcasting
  5692 | D:5      | Found a transporter.
  5699 | D:5      | Noticed JBAR's ghost (novice GnTm)
  5932 | D:6      | Reached skill level 9 in Necromancy
  5970 | D:6      | Reached XP level 8. HP: 45/45 MP: 15/18
  6036 | D:6      | Reached skill level 1 in Translocations
  6133 | D:6      | Noticed Grinder
  6172 | D:6      | Found an ornate altar of the Wu Jian Council.
  6191 | D:6      | HP: 1/45 [ogre (20)]
  6319 | D:6      | Found Naenuowu's Antique Armour Shoppe.
  6321 | D:6      | Paralysed by Grinder for 6 turns
  6332 | D:6      | Paralysed by Grinder for 4 turns
  6596 | D:6      | Bought a crude robe for 131 gold pieces
  6596 | D:6      | Identified the +1 robe of the Past {Fly rElec rC+++} (You
                  | bought it in a shop on level 6 of the Dungeon)
  6603 | D:6      | Paralysed by Grinder for 4 turns
  6685 | D:6      | Killed Grinder
  6686 | D:6      | Reached skill level 5 in Dodging
  6829 | D:6      | Found a shimmering blue altar of Sif Muna.
  7125 | D:6      | Found an iron altar of Okawaru.
  7248 | D:7      | Noticed Harold
  7422 | D:7      | Found a white marble altar of Elyvilon.
  7423 | D:7      | Found a bloodstained altar of Trog.
  7472 | D:7      | Learned a level 1 spell: Animate Skeleton
  7526 | D:7      | Reached XP level 9. HP: 43/49 MP: 22/22
  7648 | D:7      | Reached skill level 10 in Necromancy
  7975 | D:8      | Noticed Prince Ribbit
  8061 | D:8      | Reached skill level 1 in Short Blades
  8077 | D:8      | Gained mutation: You have a pair of small horns on your
                  | head. [potion of mutation]
  8077 | D:8      | Gained mutation: Your flesh is cold resistant. (rC+)
                  | [potion of mutation]
  8077 | D:8      | Gained mutation: You sometimes lose the ability to read
                  | scrolls when taking damage. [potion of mutation]
  8077 | D:8      | Gained mutation: Your flesh is very cold resistant. (rC++)
                  | [potion of mutation]
  8078 | D:8      | Mangled by an orc warrior

Illustrated notes

Levels and vault maps discovered:
D:1:      dpeg_arrival_water_temple_mockup, layout_basic, serial_forest,
          infiniplex_forest_diagonal, infiniplex_forest_join,
          infiniplex_forest_lined_room_3, infiniplex_forest_lined_2,
          infiniplex_forest_clump_large, infiniplex_forest_straight_4,
          infiniplex_forest_clump_double, infiniplex_forest_corner_1,
          infiniplex_forest_clump_diagonal, infiniplex_forest_lined_room_3
D:2:      layout_rooms, shapermc_ecumenical_altar_flowoftime, basic_altar,
          corexii_item_surrounded_by_moat, grunt_decor_cap, minmay_tetromino_i4,
          uniq_robin, uniq_crazy_yiuf_cottage
D:3:      layout_loops_corners, mainiacjoe_overflow_small_starburst,
          chequers_serial_rivers_small_3, st_stairs_7
D:4:      layout_cave_pools, lemuel_doored_altar
D:5:      layout_rooms, lemuel_temple_firewalk_b, gammafunk_ghost_stat_death
D:6:      layout_basic, mainiacjoe_overflow_alcove_4,
          mainiacjoe_overflow_catwalk, old_standard_altar, serial_shops, shop,
          uniq_grinder
D:7:      layout_gridville, gammafunk_temple_overflow_statue, nrook_campfire,
          uniq_harold
D:8:      layout_rooms, special_room [special_room_orc], uniq_psyche,
          uniq_erica, uniq_maurice, uniq_prince_ribbit1
Temple:   minmay_temple_forest_path

Skill      XL: |  1  2  3  4  5  6  7  8  9 |
---------------+----------------------------+-----
Necromancy     | 5 7 8 9 10 | 10.3
Stealth        | 3 4 |  4.4
Dodging        | 3 4 5 6 |  6.0
Fighting       | 1 2 |  2.8
Throwing       | 1 2 3 |  3.6
Spellcasting   | 5 7 8 |  8.3
Translocations | 2 |  2.2
Short Blades   | 1 |  1.0

Action                   |  1- 3 |  4- 6 |  7- 9 || total
-------------------------+-------+-------+-------++-------
Melee: Short sword       |    10 |     5 |       ||    15
       Dagger            |       |    72 |   276 ||   348
Throw: Boomerang         |     3 |    21 |    39 ||    63
 Cast: Pain              |    71 |    40 |    45 ||   156
       Vampiric Draining |       |    11 |    42 ||    53
       Blink             |       |     1 |     3 ||     4
  Use: Potion            |     2 |     1 |     7 ||    10
       Scroll            |       |     4 |     9 ||    13
 Stab: Sleeping          |       |     2 |     2 ||     4
Armor: Robe              |     7 |    30 |    75 ||   112
       Skin              |     1 |       |       ||     1
Dodge: Dodged            |    21 |    96 |   278 ||   395
